 Dungeon Crawl Stone Soup version 0.20-a0-1126-g0f15420 (webtiles) character file.

465 wolfsongas the Chopper (level 6, -6/47 HPs)
             Began as a Demonspawn Fighter on May 17, 2017.
             Mangled by an ogre
             ... wielding a +0 giant club
              (10 damage)
             ... on level 4 of the Dungeon.
             The game lasted 00:06:52 (2693 turns).

wolfsongas the Chopper (Demonspawn Fighter)         Turns: 2693, Time: 00:06:52

Health: -6/47      AC: 15    Str: 18    XL:     6   Next: 80%
Magic:  0/6        EV:  5    Int:  9    God:
Gold:   189        SH:  0    Dex: 13    Spells: 5/5 levels left

rFire    . . .     SeeInvis .   a - +0 war axe
rCold    . . .     Gourm    .   (no shield)
rNeg     . . .     Faith    .   i - +1 plate armour
rPois    .         Spirit   +   (no helmet)
rElec    .         Reflect  .   k - +0 cloak
rCorr    .         Harm     .   (no gloves)
MR       .....                  (no boots)
Stlth    ..........             g - amulet of regeneration
Regen    0.6/turn               (no ring)
MPRegen  0.1/turn               (no ring)

@: no status effects
A: talons 1, slimy green scales 1, magic shield
a: no special abilities


You were on level 4 of the Dungeon.
You were not hungry.

You visited 1 branch of the dungeon, and saw 4 of its levels.

You collected 189 gold pieces.

Inventory:

Hand Weapons
 a - a +0 war axe (weapon)
 d - a +0 morningstar
Armour
 c - a +0 shield
 i - a +1 plate armour (worn)
 k - a +0 cloak (worn)
Jewellery
 g - an amulet of regeneration (around neck)
Scrolls
 b - 2 scrolls of recharging
 e - 3 scrolls of identify
Potions
 l - a potion of resistance {unknown}
Comestibles
 f - a bread ration
 h - 4 chunks of flesh
 j - 2 royal jellies


   Skills:
 - Level 3.0 Fighting
 * Level 6.8 Axes
 - Level 2.6 Armour
 - Level 2.6 Shields


You had 5 spell levels left.
You didn't know any spells.

Dungeon Overview and Level Annotations

Branches:
Dungeon (4/15)
 Temple: D:4-7

Altars:
Elyvilon


Innate Abilities, Weirdness & Mutations

You have sharp toenails.
You are partially covered in slimy green scales. (AC +2)
When hurt, damage is shared between your health and your magic reserves.


Message History

The ogre hits you with a giant club!
You hit the ogre. You claw the ogre.
The ogre is heavily wounded.
Your plate armour prevents you from hitting the ogre.
You claw the ogre.
The ogre is heavily wounded.
The ogre hits you with a giant club!
You are too injured to fight recklessly!
You are too injured to fight recklessly!
You are too injured to fight recklessly!
You are too injured to fight recklessly!
You hit the ogre.
The ogre is severely wounded.
The ogre hits you with a giant club!!
* * * LOW HITPOINT WARNING * * *
Your plate armour prevents you from hitting the ogre.
You claw the ogre, but do no damage.
The ogre is severely wounded.
The ogre hits you with a giant club!
You die...

........#*,,,,,,,,*
........#*,,,.....#
........#*,,,,....######
........#*,,,,.........#
........#####*#[.......##########
........'...# #........##........
........###.# #........##...<....
........# #.# #..O.....##........
#.#.##### #.# #.@......#.........
#.#.#######.###........#.####....
#.#.#.....#.#...............+....
#.#.#.###.#.#.#...######.####....
#.#<..#.#.#.#.#...# #<# *....
#.##..#...#.#.##### #.# *....
#.##..#.###.#.# #.# *....
#.##........#.# #.#***####
#.##.##.#.....# #..,,,,,,,


You could see an ogre.

Vanquished Creatures
  Grinder (D:3)
  5 worker ants
  6 adders
  An ooze (D:2)
  An adder skeleton (D:4)
  2 worms
  A dart slug (D:1)
  4 leopard geckos
  5 orcs
  2 ball pythons (D:2)
  9 bats
  6 giant cockroaches
  7 hobgoblins
  6 jackals
  2 quokkas
  2 frilled lizards
  8 goblins
  2 kobolds
  8 rats
78 creatures vanquished.

Notes
Turn   | Place    | Note
-------+----------+-------------------------------------------
     0 | D:1      | wolfsongas the Demonspawn Fighter began the quest for the Orb.
     0 | D:1      | Reached XP level 1. HP: 18/18 MP: 1/1
    12 | D:1      | Reached skill level 2 in Axes
   149 | D:1      | Gained mutation: You are partially covered in slimy green scales. (AC +2) [demonic ancestry]
   149 | D:1      | Reached XP level 2. HP: 21/24 MP: 2/2
   519 | D:1      | Reached skill level 3 in Axes
   810 | D:2      | Reached XP level 3. HP: 29/29 MP: 3/3
   942 | D:2      | Gained mutation: You have sharp toenails. [demonic ancestry]
   942 | D:2      | Reached XP level 4. HP: 35/35 MP: 4/4
   970 | D:2      | Reached skill level 4 in Axes
  1459 | D:3      | Noticed Grinder
  1467 | D:3      | Killed Grinder
  1467 | D:3      | Reached skill level 5 in Axes
  1467 | D:3      | Reached XP level 5. HP: 27/41 MP: 5/5
  1467 | D:3      | Gained mutation: When hurt, damage is shared between your health and your magic reserves. [demonic ancestry]
  1467 | D:3      | Reached XP level 6. HP: 31/47 MP: 6/6
  1517 | D:3      | Reached skill level 6 in Axes
  2097 | D:4      | Found a white marble altar of Elyvilon.
  2693 | D:4      | Mangled by an ogre

Vault maps used:
D:1:      minmay_arrival_four_circles
D:2:      minmay_misc_feat_alley, minmay_surrounded
D:3:      uniq_grinder
D:4:      elyvilon_altar_4

Skill      XL: |  1  2  3  4  5  6 |
---------------+-------------------+-----
Axes           | 2 3 5 6 |  6.8
Fighting       | |  3.0
Armour         | |  2.6
Shields        | |  2.6

Action                   |  1- 3 |  4- 6 || total
-------------------------+-------+-------++-------
Melee: War axe           |   111 |   183 ||   294
       Kick              |       |    54 ||    54
  Use: Scroll            |     4 |     4 ||     8
       Potion            |     2 |     2 ||     4
  Eat: Chunk             |       |     3 ||     3
       Bread ration      |       |     1 ||     1
Armor: Scale mail        |    44 |       ||    44
       Plate armour      |    35 |   195 ||   230
       Skin              |     2 |       ||     2
Dodge: Dodged            |    29 |    67 ||    96
Block: Shield            |    43 |       ||    43
